Arizona Coyotes vs Winnipeg Jets

Created - samedi 20 octobre 2018 at 19:00

Goals
1 2 3 OT1 T
Arizona Coyotes 0 1 0 1 2
Winnipeg Jets 0 0 1 0 1
Shots
1 2 3 OT1 T
Arizona Coyotes 4 6 11 5 26
Winnipeg Jets 13 10 12 0 35

1st period

No Goal

Penalties :
Josh Morrissey (WPG) for Holding (Minor) at 3:36, Dylan Strome (ARI) for Holding (Minor) at 9:55

2nd period

1. Arizona Coyotes , Jamie McGinn 2 (Christian Fischer 2) at 15:20

Penalties :
No Penalty

3rd period

2. Winnipeg Jets , Patrik Laine 1 (Nikolaj Ehlers 1, Mathieu Perreault 5) at 4:54

Penalties :
Martin Hanzal (ARI) for Goalie Interference (Minor) at 5:16

Overtime #1

3. Arizona Coyotes , Nick Cousins 3 (Dylan Strome 1) at 0:28

Penalties :
No Penalty

Goalie Stats

Louis Domingue (ARI), 34 saves from 35 shots - (0.971), W, 1-0-0, 60:28 minutes
Michael Hutchinson (WPG), 24 saves from 26 shots - (0.923), OTL, 0-0-1, 60:28 minutes

Players Stats for Arizona Coyotes

Player Name              G  A  P  +/- PIM S  H  SB GA TA FO     MP     PP MP  PK MP  
------------------------------------------------------------------------------------
Alex Goligoski           0  0  0   1  0   1  2  1  0  1  0/0    25:49   1:08   2:02 
Anthony Duclair          0  0  0   0  0   4  1  1  2  1  1/3    16:04   0:26   1:55 
Brad Richardson          0  0  0   0  0   0  5  0  0  0  3/5    11:33   0:18   1:55 
Christian Fischer        0  1  1   1  0   1  1  0  0  0  1/2    16:40   0:27   0:00 
Dylan Strome             0  1  1   1  2   3  1  0  0  1  5/12   12:44   0:00   0:00 
Jakob Chychrun           0  0  0   0  0   2  2  0  0  0  0/0    23:49   1:08   0:00 
Jamie McGinn             1  0  1   1  0   6  2  1  0  0  0/0    17:24   0:38   0:07 
Johnny Boychuk           0  0  0   0  0   3  3  1  0  0  0/0    20:25   0:51   2:02 
Jordan Martinook         0  0  0   0  0   0  4  1  0  0  1/2    12:48   0:00   0:07 
Leon Draisaitl           0  0  0  -1  0   2  1  2  0  0  11/21  19:06   1:17   1:56 
Luke Schenn              0  0  0   0  0   1  4  0  0  0  0/0    16:15   0:00   1:56 
Martin Hanzal            0  0  0   1  2   0  0  0  0  2  3/15   16:39   0:27   0:00 
Max Domi                 0  0  0  -1  0   2  6  1  0  0  0/0    18:34   1:06   1:56 
Nick Cousins             1  0  1   1  0   1  2  0  0  0  0/0     9:38   0:12   0:00 
Peter Holland            0  0  0   0  0   0  4  0  0  1  0/0     9:04   0:00   0:00 
Ryan Sproul              0  0  0   0  0   0  1  0  0  0  0/0    14:00   0:00   0:00 
Thomas Hickey            0  0  0   0  0   0  1  1  1  1  0/0    20:10   0:51   1:56 
Tomas Hertl              0  0  0  -1  0   0  1  0  0  0  1/2    16:42   1:06   0:00 

Players Stats for Winnipeg Jets

Player Name              G  A  P  +/- PIM S  H  SB GA TA FO     MP     PP MP  PK MP  
------------------------------------------------------------------------------------
Adam Lowry               0  0  0   0  0   1  2  1  1  0  2/5    10:11   0:00   0:28 
Andrew Copp              0  0  0   0  0   0  0  0  0  0  0/0     9:52   0:00   0:29 
Blake Wheeler            0  0  0  -1  0   6  1  2  1  1  0/3    20:43   2:16   1:14 
Dennis Seidenberg        0  0  0  -1  0   0  1  2  1  0  0/0    18:56   0:00   0:30 
Dustin Byfuglien         0  0  0  -1  0   0  2  1  0  0  0/0    20:54   2:13   0:59 
Evander Kane             0  0  0   0  0   0  1  0  1  0  1/1    18:48   1:42   0:16 
Jack Eichel              0  0  0   0  0   3  2  0  0  0  14/26  20:02   2:16   0:46 
Jack Roslovic            0  0  0   0  0   1  1  2  1  0  0/0     9:39   0:00   0:00 
Jacob Trouba             0  0  0   0  0   0  3  2  0  0  0/0    20:32   1:45   1:00 
Josh Morrissey           0  0  0   1  2   1  3  0  0  0  0/0    19:37   1:45   0:00 
Kyle Turris              0  0  0  -1  0   5  3  0  1  0  5/10   14:24   1:42   0:00 
Marc Methot              0  0  0   0  0   0  1  0  0  0  0/0    15:50   0:00   0:59 
Martin Frk               0  0  0  -1  0   2  2  0  0  1  0/0    13:28   0:00   0:00 
Mathieu Perreault        0  1  1   1  0   0  0  0  0  0  13/16  14:34   0:00   0:00 
Nikolaj Ehlers           0  1  1   0  0   6  2  1  0  1  1/1    16:56   1:42   0:00 
Patrik Laine             1  0  1   1  0   4  1  0  1  0  0/0    16:52   2:16   0:00 
Phillip Danault          0  0  0  -1  0   6  1  0  0  0  0/0    14:36   0:00   0:45 
Shayne Gostisbehere      0  0  0   0  0   0  1  2  0  0  0/0    23:30   2:13   0:30 

3 Stars

1 - Louis Domingue (ARI)
2 - Jamie McGinn (ARI)
3 - Nick Cousins (ARI)

Power Play

Arizona Coyotes - 0 on 1 Attempt(s) - 0.00%
Winnipeg Jets - 0 on 2 Attempt(s) - 0.00%

Penalty Kill

Arizona Coyotes - 2 on 2 Attempt(s) - 100.00% - Score 0 goal in Penalty Kill
Winnipeg Jets - 1 on 1 Attempt(s) - 100.00% - Score 0 goal in Penalty Kill

Team Stat

Arizona Coyotes - Hits : 41 - Faceoff Wins : 26 - Blocked Shots : 9 - Penalty Minutes : 4
Winnipeg Jets - Hits : 27 - Faceoff Wins : 36 - Blocked Shots : 13 - Penalty Minutes : 2

Official

Referees : Wes McCauley and Dave Jackson
Linesman : David Brisebois and Kiel Murchison

Game Notes

No Game Note

Finance

Level 1 -- Attendance: 10000 (100.00%) -- Ticket Income fr. 800'000
Level 2 -- Attendance: 1923 (96.15%) -- Ticket Income fr. 124'995
Level 3 -- Attendance: 2725 (77.86%) -- Ticket Income fr. 95'375
Level 4 -- Attendance: 1338 (92.28%) -- Ticket Income fr. 26'760
Luxury Box -- Attendance: 46 (92.00%) -- Ticket Income fr. 9'200
Game was played at the Bell MTS Place.
Total Attendance: 16032 (94.31%)
Total Ticket Income: fr. 1'056'330
Total Income: fr. 1'056'330

Arizona Coyotes

5 vs 5 Forward 
   Center                   Left Wing                Right Wing               Time % Phy DF OF 
 1 Leon Draisaitl           Max Domi                 Tomas Hertl              30     1   2  2  
 2 Martin Hanzal            Jamie McGinn             Christian Fischer        30     1   2  2  
 3 Dylan Strome             Jordan Martinook         Anthony Duclair          25     1   2  2  
 4 Brad Richardson          Nick Cousins             Peter Holland            15     1   2  2  

5 vs 5 Defense 
   Defense                  Defense                                           Time % Phy DF OF 
 1 Alex Goligoski           Jakob Chychrun                                    30     1   2  2  
 2 Thomas Hickey            Johnny Boychuk                                    30     1   2  2  
 3 Luke Schenn              Ryan Sproul                                       25     1   2  2  
 4 Alex Goligoski           Jakob Chychrun                                    15     1   2  2  

PowerPlay Forward 
   Center                   Left Wing                Right Wing               Time % Phy DF OF 
 1 Leon Draisaitl           Tomas Hertl              Max Domi                 50     1   2  2  
 2 Jamie McGinn             Christian Fischer        Martin Hanzal            50     1   2  2  

PowerPlay Defense
   Defense                  Defense                                           Time % Phy DF OF 
 1 Alex Goligoski           Jakob Chychrun                                    50     1   2  2  
 2 Thomas Hickey            Johnny Boychuk                                    50     1   2  2  

Penalty Kill 4 Players Forward 
   Center                   Wing                     Time % Phy DF OF 
 1 Leon Draisaitl           Max Domi                 50     1   2  2  
 2 Anthony Duclair          Brad Richardson          50     1   2  2  

Penalty Kill 4 Players Defense
   Defense                  Defense                  Time % Phy DF OF 
 1 Johnny Boychuk           Alex Goligoski           50     1   2  2  
 2 Luke Schenn              Thomas Hickey            50     1   2  2  

Penalty Kill - 3 Players Forward 
   Forward                                           Time % Phy DF OF 
 1 Tomas Hertl                                       50     1   2  2  
 2 Nick Cousins                                      50     1   2  2  

Penalty Kill - 3 Players Defense
   Defense                  Defense                  Time % Phy DF OF 
 1 Johnny Boychuk           Alex Goligoski           50     1   2  2  
 2 Ryan Sproul              Jakob Chychrun           50     1   2  2  

4 vs 4 Forward 
   Center                   Wing                     Time % Phy DF OF 
 1 Tomas Hertl              Leon Draisaitl           50     1   2  2  
 2 Max Domi                 Jordan Martinook         50     1   2  2  

4 vs 4 Defense
   Defense                  Defense                  Time % Phy DF OF 
 1 Alex Goligoski           Johnny Boychuk           50     1   2  2  
 2 Jakob Chychrun           Ryan Sproul              50     1   2  2  

Last Minutes Offensive
   Center                   Left Wing                Right Wing               Defense                  Defense                  
   Leon Draisaitl           Tomas Hertl              Max Domi                 Alex Goligoski           Jakob Chychrun           

Last Minutes Defensive
   Center                   Left Wing                Right Wing               Defense                  Defense                  
   Leon Draisaitl           Tomas Hertl              Max Domi                 Alex Goligoski           Johnny Boychuk           

Goaltenders
Starting : Louis Domingue           
Backup : Devan Dubnyk             

Extra Forwards
Normal : Peter Holland, Leon Draisaitl, Tomas Hertl - PP : Max Domi, Christian Fischer - PK : Dylan Strome
Extra Defensemen
Normal : Johnny Boychuk, Alex Goligoski, Thomas Hickey - PP : Johnny Boychuk - PK : Luke Schenn, Alex Goligoski
Penalty Shots
Nick Cousins, Leon Draisaitl, Tomas Hertl, Max Domi, Christian Fischer
Custom OT Lines Forwards
Dylan Strome, Nick Cousins, Leon Draisaitl, Tomas Hertl, Max Domi, Jamie McGinn, Christian Fischer, Martin Hanzal, Anthony Duclair, Brad Richardson
Custom OT Lines Defensemen
Johnny Boychuk, Alex Goligoski, Thomas Hickey, Luke Schenn, Jakob Chychrun

Scratches
Adam Clendening (Healthy), Mike Blunden (Healthy), Nicholas Merkley (Healthy)

Winnipeg Jets

5 vs 5 Forward 
   Center                   Left Wing                Right Wing               Time % Phy DF OF 
 1 Jack Eichel              Evander Kane             Blake Wheeler            30     1   2  2  
 2 Mathieu Perreault        Nikolaj Ehlers           Patrik Laine             28     1   2  2  
 3 Kyle Turris              Phillip Danault          Martin Frk               26     1   2  2  
 4 Adam Lowry               Andrew Copp              Jack Roslovic            16     1   2  2  

5 vs 5 Defense 
   Defense                  Defense                                           Time % Phy DF OF 
 1 Dustin Byfuglien         Jacob Trouba                                      33     1   2  2  
 2 Josh Morrissey           Shayne Gostisbehere                               30     1   2  2  
 3 Marc Methot              Dennis Seidenberg                                 25     1   2  2  
 4 Dennis Seidenberg        Shayne Gostisbehere                               12     1   2  2  

PowerPlay Forward 
   Center                   Left Wing                Right Wing               Time % Phy DF OF 
 1 Jack Eichel              Patrik Laine             Blake Wheeler            52     1   2  2  
 2 Kyle Turris              Evander Kane             Nikolaj Ehlers           48     1   2  2  

PowerPlay Defense
   Defense                  Defense                                           Time % Phy DF OF 
 1 Dustin Byfuglien         Shayne Gostisbehere                               50     1   2  2  
 2 Josh Morrissey           Jacob Trouba                                      50     1   2  2  

Penalty Kill 4 Players Forward 
   Center                   Wing                     Time % Phy DF OF 
 1 Adam Lowry               Blake Wheeler            55     1   2  2  
 2 Phillip Danault          Andrew Copp              45     1   2  2  

Penalty Kill 4 Players Defense
   Defense                  Defense                  Time % Phy DF OF 
 1 Dustin Byfuglien         Marc Methot              50     1   2  2  
 2 Josh Morrissey           Jacob Trouba             50     1   2  2  

Penalty Kill - 3 Players Forward 
   Forward                                           Time % Phy DF OF 
 1 Andrew Copp                                       50     1   2  2  
 2 Adam Lowry                                        50     1   2  2  

Penalty Kill - 3 Players Defense
   Defense                  Defense                  Time % Phy DF OF 
 1 Jacob Trouba             Josh Morrissey           50     1   2  2  
 2 Dustin Byfuglien         Marc Methot              50     1   2  2  

4 vs 4 Forward 
   Center                   Wing                     Time % Phy DF OF 
 1 Phillip Danault          Andrew Copp              50     1   2  2  
 2 Kyle Turris              Mathieu Perreault        50     1   2  2  

4 vs 4 Defense
   Defense                  Defense                  Time % Phy DF OF 
 1 Josh Morrissey           Jacob Trouba             55     1   2  2  
 2 Dustin Byfuglien         Shayne Gostisbehere      45     1   2  2  

Last Minutes Offensive
   Center                   Left Wing                Right Wing               Defense                  Defense                  
   Jack Eichel              Patrik Laine             Blake Wheeler            Dustin Byfuglien         Jacob Trouba             

Last Minutes Defensive
   Center                   Left Wing                Right Wing               Defense                  Defense                  
   Adam Lowry               Andrew Copp              Phillip Danault          Dustin Byfuglien         Jacob Trouba             

Goaltenders
Starting : Michael Hutchinson       
Backup : Connor Hellebuyck        

Extra Forwards
Normal : Jack Roslovic, Phillip Danault, Nikolaj Ehlers - PP : Andrew Copp, Martin Frk - PK : Blake Wheeler
Extra Defensemen
Normal : Marc Methot, Josh Morrissey, Jacob Trouba - PP : Dennis Seidenberg - PK : Shayne Gostisbehere, Dennis Seidenberg
Penalty Shots
Nikolaj Ehlers, Blake Wheeler, Jack Eichel, Patrik Laine, Evander Kane
Custom OT Lines Forwards
Blake Wheeler, Jack Eichel, Nikolaj Ehlers, Patrik Laine, Evander Kane, Kyle Turris, Mathieu Perreault, Phillip Danault, Adam Lowry, 
Custom OT Lines Defensemen
Dustin Byfuglien, Jacob Trouba, Marc Methot, Shayne Gostisbehere, Josh Morrissey

Scratches
Ben Chiarot (Healthy)

% Time on Ice - Arizona Coyotes

Lines # - Real PCT - Wanted PCT - Time Play
Normal Forward
1 - 30% - 30% - 16:21
2 - 33% - 30% - 17:46
3 - 23% - 25% - 12:12
4 - 14% - 15% - 7:44
Normal Defense
1 - 31% - 30% - 16:54
2 - 32% - 30% - 17:14
3 - 25% - 25% - 13:25
4 - 12% - 15% - 6:30
PP Forward
1 - 55% - 50% - 1:06
2 - 45% - 50% - 0:53
PP Defense
1 - 57% - 50% - 1:08
2 - 43% - 50% - 0:51
PK Forward
1 - 52% - 50% - 2:03
2 - 48% - 50% - 1:55
PK Defense
1 - 51% - 50% - 2:02
2 - 49% - 50% - 1:56
PK3 Forward
1 - 0% - 50%
2 - 0% - 50%
PK3 Defense
1 - 0% - 50%
2 - 0% - 50%
44 Forward
1 - 0% - 50%
2 - 0% - 50%
44 Defense
1 - 0% - 50%
2 - 0% - 50%
Last Minute Offensive  - 0:00
Last Minute Defensive  - 0:00
Total
Forward - 60:00
Defense - 60:00

% Time on Ice - Winnipeg Jets

Lines # - Real PCT - Wanted PCT - Time Play
Normal Forward
1 - 31% - 30% - 16:45
2 - 30% - 28% - 16:27
3 - 23% - 26% - 12:42
4 - 15% - 16% - 8:09
Normal Defense
1 - 33% - 33% - 17:49
2 - 34% - 30% - 18:15
3 - 25% - 25% - 13:37
4 - 8% - 12% - 4:22
PP Forward
1 - 57% - 52% - 2:16
2 - 43% - 48% - 1:42
PP Defense
1 - 56% - 50% - 2:13
2 - 44% - 50% - 1:45
PK Forward
1 - 62% - 55% - 1:14
2 - 38% - 45% - 0:45
PK Defense
1 - 50% - 50% - 0:59
2 - 50% - 50% - 1:00
PK3 Forward
1 - 0% - 50%
2 - 0% - 50%
PK3 Defense
1 - 0% - 50%
2 - 0% - 50%
44 Forward
1 - 0% - 50%
2 - 0% - 50%
44 Defense
1 - 0% - 55%
2 - 0% - 45%
Last Minute Offensive  - 0:00
Last Minute Defensive  - 0:00
Total
Forward - 60:00
Defense - 60:00

Play by Play

1st period


0:01 of 1st period - Leon Draisaitl wins face-off versus Jack Eichel in neutral zone.
0:26 of 1st period - Jakob Chychrun is hit by Jacob Trouba and loses puck.
0:53 of 1st period - Snap shot by Dylan Strome.
0:53 of 1st period - Stopped by Michael Hutchinson without a rebound.
0:54 of 1st period - Adam Lowry wins face-off versus Brad Richardson in Winnipeg Jets zone.
0:54 of 1st period - Adam Lowry is hit by Nick Cousins.
1:02 of 1st period - Adam Lowry is hit by Peter Holland and loses puck.
1:19 of 1st period - Dennis Seidenberg is hit by Jordan Martinook and loses puck.
2:02 of 1st period - Jacob Trouba is hit by Leon Draisaitl and loses puck.
2:18 of 1st period - Icing by Patrik Laine.
2:19 of 1st period - Brad Richardson wins face-off versus Mathieu Perreault in Winnipeg Jets zone.
2:26 of 1st period - Snap shot by Christian Fischer.
2:26 of 1st period - Deflect By Jamie McGinn.
2:26 of 1st period - Shot Blocked by Dustin Byfuglien.
2:26 of 1st period - Puck is out of play.
2:27 of 1st period - Adam Lowry wins face-off versus Christian Fischer in Winnipeg Jets zone.
2:48 of 1st period - Shayne Gostisbehere is hit by Johnny Boychuk and loses puck.
3:36 of 1st period - Minor Penalty to Josh Morrissey for Holding.
3:37 of 1st period - Leon Draisaitl wins face-off versus Jack Eichel in Winnipeg Jets zone.
4:17 of 1st period - Wrist shot by Evander Kane.
4:17 of 1st period - Deflect By Phillip Danault.
4:17 of 1st period - Stopped by Louis Domingue with a rebound.
4:27 of 1st period - Wrist shot by Phillip Danault.
4:27 of 1st period - Stopped by Louis Domingue without a rebound.
4:28 of 1st period - Leon Draisaitl wins face-off versus Adam Lowry in Arizona Coyotes zone.
5:36 of 1st period - Penalty to Josh Morrissey is over, Josh Morrissey is back on ice.
7:04 of 1st period - Brad Richardson is hit by Adam Lowry and loses puck.
7:33 of 1st period - Wrist shot by Phillip Danault.
7:33 of 1st period - Stopped by Louis Domingue without a rebound.
7:34 of 1st period - Kyle Turris wins face-off versus Martin Hanzal in Arizona Coyotes zone.
7:39 of 1st period - Snap shot by Kyle Turris.
7:39 of 1st period - Shot Misses the Net.
7:41 of 1st period - Snap shot by Jacob Trouba.
7:41 of 1st period - Shot Blocked by Thomas Hickey.
7:43 of 1st period - Snap shot by Dustin Byfuglien.
7:43 of 1st period - Shot Blocked by Johnny Boychuk.
7:55 of 1st period - Dustin Byfuglien is hit by Johnny Boychuk and loses puck.
8:13 of 1st period - Jacob Trouba is hit by Peter Holland and loses puck.
8:18 of 1st period - Slapshot by Nick Cousins.
8:18 of 1st period - Shot Misses the Net.
8:20 of 1st period - Snap shot by Peter Holland.
8:20 of 1st period - Shot Misses the Net.
9:20 of 1st period - Marc Methot is hit by Peter Holland and loses puck.
9:27 of 1st period - Marc Methot is hit by Peter Holland and loses puck.
9:48 of 1st period - Icing by Jakob Chychrun.
9:49 of 1st period - Kyle Turris wins face-off versus Dylan Strome in Arizona Coyotes zone.
9:55 of 1st period - Minor Penalty to Dylan Strome for Holding.
9:56 of 1st period - Jack Eichel wins face-off versus Leon Draisaitl in Arizona Coyotes zone.
9:56 of 1st period - Slapshot by Blake Wheeler.
9:56 of 1st period - Stopped by Louis Domingue with a rebound.
10:08 of 1st period - Backhand shot by Patrik Laine.
10:08 of 1st period - Shot Misses the Net.
10:10 of 1st period - Slapshot by Shayne Gostisbehere.
10:10 of 1st period - Shot Misses the Net.
10:12 of 1st period - Slapshot by Dustin Byfuglien.
10:12 of 1st period - Shot Misses the Net.
11:43 of 1st period - Jacob Trouba is hit by Anthony Duclair and loses puck.
11:55 of 1st period - Penalty to Dylan Strome is over, Dylan Strome is back on ice.
12:11 of 1st period - Wrist shot by Jamie McGinn.
12:11 of 1st period - Stopped by Michael Hutchinson with a rebound.
12:59 of 1st period - Blake Wheeler is hit by Christian Fischer and loses puck.
13:34 of 1st period - Martin Frk is hit by Johnny Boychuk and loses puck.
13:45 of 1st period - Kyle Turris is hit by Jamie McGinn.
13:55 of 1st period - Jacob Trouba is hit by Brad Richardson and loses puck.
14:07 of 1st period - Jakob Chychrun is hit by Kyle Turris and loses puck.
14:12 of 1st period - Snap shot by Phillip Danault.
14:12 of 1st period - Stopped by Louis Domingue with a rebound.
14:24 of 1st period - Wrist shot by Phillip Danault.
14:24 of 1st period - Deflect By Alex Goligoski.
14:24 of 1st period - Stopped by Louis Domingue with a rebound.
14:55 of 1st period - Thomas Hickey is hit by Dennis Seidenberg and loses puck.
15:04 of 1st period - Snap shot by Kyle Turris.
15:04 of 1st period - Stopped by Louis Domingue with a rebound.
15:06 of 1st period - Slapshot by Kyle Turris.
15:06 of 1st period - Stopped by Louis Domingue without a rebound.
15:07 of 1st period - Leon Draisaitl wins face-off versus Jack Eichel in Arizona Coyotes zone.
15:18 of 1st period - Leon Draisaitl is hit by Josh Morrissey and loses puck.
15:25 of 1st period - Evander Kane is hit by Max Domi and loses puck.
15:36 of 1st period - Patrik Laine is hit by Jordan Martinook and loses puck.
16:11 of 1st period - Icing by Adam Lowry.
16:12 of 1st period - Leon Draisaitl wins face-off versus Adam Lowry in Winnipeg Jets zone.
16:17 of 1st period - Wrist shot by Tomas Hertl.
16:17 of 1st period - Shot Blocked by Adam Lowry.
16:23 of 1st period - Alex Goligoski is hit by Dustin Byfuglien and loses puck.
17:12 of 1st period - Slapshot by Patrik Laine.
17:12 of 1st period - Stopped by Louis Domingue without a rebound.
17:13 of 1st period - Jack Eichel wins face-off versus Leon Draisaitl in Arizona Coyotes zone.
17:20 of 1st period - Slapshot by Blake Wheeler.
17:20 of 1st period - Stopped by Louis Domingue without a rebound.
17:21 of 1st period - Jack Eichel wins face-off versus Leon Draisaitl in Arizona Coyotes zone.
17:38 of 1st period - Off-side.
17:39 of 1st period - Mathieu Perreault wins face-off versus Jordan Martinook in neutral zone.
17:39 of 1st period - Nikolaj Ehlers is hit by Jakob Chychrun and loses puck.
17:46 of 1st period - Wrist shot by Nikolaj Ehlers.
17:46 of 1st period - Deflect By Patrik Laine.
17:46 of 1st period - Shot Blocked by Alex Goligoski.
17:46 of 1st period - Puck is out of play.
17:47 of 1st period - Mathieu Perreault wins face-off versus Dylan Strome in Arizona Coyotes zone.
18:20 of 1st period - Tomas Hertl is hit by Jack Eichel and loses puck.
18:29 of 1st period - Jack Eichel is hit by Max Domi and loses puck.
18:38 of 1st period - Snap shot by Blake Wheeler.
18:38 of 1st period - Stopped by Louis Domingue with a rebound.
18:40 of 1st period - Snap shot by Blake Wheeler.
18:40 of 1st period - Deflect By Evander Kane.
18:40 of 1st period - Shot Misses the Net.
18:40 of 1st period - Puck is out of play.
18:41 of 1st period - Mathieu Perreault wins face-off versus Martin Hanzal in Arizona Coyotes zone.
18:46 of 1st period - Wrist shot by Nikolaj Ehlers.
18:46 of 1st period - Stopped by Louis Domingue without a rebound.
18:47 of 1st period - Mathieu Perreault wins face-off versus Martin Hanzal in Arizona Coyotes zone.
18:48 of 1st period - Wrist shot by Patrik Laine.
18:48 of 1st period - Shot Misses the Net.
18:55 of 1st period - Off-side.
18:56 of 1st period - Jack Eichel wins face-off versus Leon Draisaitl in neutral zone.
18:59 of 1st period - Johnny Boychuk is hit by Shayne Gostisbehere and loses puck.
19:24 of 1st period - Slapshot by Jamie McGinn.
19:24 of 1st period - Stopped by Michael Hutchinson without a rebound.
19:25 of 1st period - Martin Hanzal wins face-off versus Mathieu Perreault in Winnipeg Jets zone.
19:26 of 1st period - Wrist shot by Jamie McGinn.
19:26 of 1st period - Stopped by Michael Hutchinson with a rebound.
19:36 of 1st period - Snap shot by Nikolaj Ehlers.
19:36 of 1st period - Stopped by Louis Domingue without a rebound.
19:37 of 1st period - Jack Eichel wins face-off versus Leon Draisaitl in Arizona Coyotes zone.
19:40 of 1st period - Slapshot by Jack Eichel.
19:40 of 1st period - Shot Blocked by Leon Draisaitl.
19:46 of 1st period - Slapshot by Max Domi.
19:46 of 1st period - Shot Blocked by Blake Wheeler.
Goals for this period are 0 for Arizona Coyotes vs 0 for Winnipeg Jets.
Shots for this period are 4 for Arizona Coyotes vs 13 for Winnipeg Jets.

2nd period


0:01 of 2nd period - Mathieu Perreault wins face-off versus Dylan Strome in neutral zone.
0:04 of 2nd period - Jakob Chychrun is hit by Nikolaj Ehlers and loses puck.
0:12 of 2nd period - Off-side.
0:13 of 2nd period - Leon Draisaitl wins face-off versus Jack Eichel in neutral zone.
0:18 of 2nd period - Snap shot by Tomas Hertl.
0:18 of 2nd period - Shot Misses the Net.
0:20 of 2nd period - Snap shot by Leon Draisaitl.
0:20 of 2nd period - Shot Blocked by Shayne Gostisbehere.
0:22 of 2nd period - Snap shot by Tomas Hertl.
0:22 of 2nd period - Shot Blocked by Shayne Gostisbehere.
0:43 of 2nd period - Snap shot by Mathieu Perreault.
0:43 of 2nd period - Shot Misses the Net.
1:21 of 2nd period - Peter Holland is hit by Martin Frk and loses puck.
1:51 of 2nd period - Slapshot by Max Domi.
1:51 of 2nd period - Shot Misses the Net.
2:23 of 2nd period - Shayne Gostisbehere is hit by Brad Richardson and loses puck.
2:42 of 2nd period - Wrist shot by Phillip Danault.
2:42 of 2nd period - Shot Misses the Net.
3:12 of 2nd period - Marc Methot is hit by Jamie McGinn and loses puck.
3:24 of 2nd period - Wrist shot by Nikolaj Ehlers.
3:24 of 2nd period - Stopped by Louis Domingue with a rebound.
3:40 of 2nd period - Thomas Hickey is hit by Evander Kane and loses puck.
3:47 of 2nd period - Jack Eichel is hit by Nick Cousins and loses puck.
4:02 of 2nd period - Snap shot by Kyle Turris.
4:02 of 2nd period - Shot Blocked by Jordan Martinook.
4:08 of 2nd period - Martin Frk is hit by Luke Schenn and loses puck.
4:23 of 2nd period - Wrist shot by Jack Roslovic.
4:23 of 2nd period - Stopped by Louis Domingue with a rebound.
4:31 of 2nd period - Shayne Gostisbehere is hit by Max Domi.
5:50 of 2nd period - Andrew Copp is hit by Ryan Sproul and loses puck.
6:03 of 2nd period - Wrist shot by Jack Eichel.
6:03 of 2nd period - Shot Misses the Net.
6:05 of 2nd period - Slapshot by Blake Wheeler.
6:05 of 2nd period - Stopped by Louis Domingue without a rebound.
6:06 of 2nd period - Evander Kane wins face-off versus Leon Draisaitl in Arizona Coyotes zone.
6:07 of 2nd period - Slapshot by Blake Wheeler.
6:07 of 2nd period - Shot Blocked by Leon Draisaitl.
7:30 of 2nd period - Dennis Seidenberg is hit by Alex Goligoski and loses puck.
7:43 of 2nd period - Jack Eichel is hit by Tomas Hertl and loses puck.
8:03 of 2nd period - Blake Wheeler is hit by Luke Schenn and loses puck.
8:10 of 2nd period - Jordan Martinook is hit by Blake Wheeler and loses puck.
8:27 of 2nd period - Slapshot by Nikolaj Ehlers.
8:27 of 2nd period - Stopped by Louis Domingue without a rebound.
8:28 of 2nd period - Mathieu Perreault wins face-off versus Leon Draisaitl in Arizona Coyotes zone.
8:45 of 2nd period - Nikolaj Ehlers is hit by Max Domi and loses puck.
9:05 of 2nd period - Snap shot by Phillip Danault.
9:05 of 2nd period - Stopped by Louis Domingue with a rebound.
9:07 of 2nd period - Snap shot by Martin Frk.
9:07 of 2nd period - Stopped by Louis Domingue without a rebound.
9:08 of 2nd period - Jack Eichel wins face-off versus Dylan Strome in Arizona Coyotes zone.
9:55 of 2nd period - Snap shot by Jamie McGinn.
9:55 of 2nd period - Stopped by Michael Hutchinson without a rebound.
9:56 of 2nd period - Mathieu Perreault wins face-off versus Martin Hanzal in Winnipeg Jets zone.
10:20 of 2nd period - Leon Draisaitl is hit by Kyle Turris and loses puck.
10:36 of 2nd period - Icing by Alex Goligoski.
10:37 of 2nd period - Jack Eichel wins face-off versus Dylan Strome in Arizona Coyotes zone.
10:48 of 2nd period - Wrist shot by Jack Eichel.
10:48 of 2nd period - Stopped by Louis Domingue without a rebound.
10:49 of 2nd period - Mathieu Perreault wins face-off versus Martin Hanzal in Arizona Coyotes zone.
11:16 of 2nd period - Dennis Seidenberg is hit by Luke Schenn.
11:36 of 2nd period - Jordan Martinook is hit by Jacob Trouba and loses puck.
11:57 of 2nd period - Snap shot by Alex Goligoski.
11:57 of 2nd period - Shot Blocked by Jack Roslovic.
12:42 of 2nd period - Off-side.
12:43 of 2nd period - Dylan Strome wins face-off versus Blake Wheeler in neutral zone.
13:34 of 2nd period - Snap shot by Mathieu Perreault.
13:34 of 2nd period - Shot Misses the Net.
13:36 of 2nd period - Slapshot by Patrik Laine.
13:36 of 2nd period - Shot Misses the Net.
13:38 of 2nd period - Slapshot by Dennis Seidenberg.
13:38 of 2nd period - Deflect By Nikolaj Ehlers.
13:38 of 2nd period - Stopped by Louis Domingue without a rebound.
13:39 of 2nd period - Jack Eichel wins face-off versus Dylan Strome in Arizona Coyotes zone.
14:08 of 2nd period - Icing by Anthony Duclair.
14:09 of 2nd period - Mathieu Perreault wins face-off versus Dylan Strome in Arizona Coyotes zone.
14:28 of 2nd period - Jacob Trouba is hit by Thomas Hickey and loses puck.
14:47 of 2nd period - Wrist shot by Mathieu Perreault.
14:47 of 2nd period - Shot Blocked by Anthony Duclair.
14:57 of 2nd period - Jacob Trouba is hit by Jordan Martinook and loses puck.
15:16 of 2nd period - Slapshot by Anthony Duclair.
15:16 of 2nd period - Stopped by Michael Hutchinson with a rebound.
15:18 of 2nd period - Snap shot by Jordan Martinook.
15:18 of 2nd period - Deflect By Dylan Strome.
15:18 of 2nd period - Shot Blocked by Nikolaj Ehlers.
15:18 of 2nd period - Puck is out of play.
15:19 of 2nd period - Christian Fischer wins face-off versus Kyle Turris in Winnipeg Jets zone.
15:20 of 2nd period - Wrist shot by Jamie McGinn.
15:20 of 2nd period - Goal by Jamie McGinn - Arizona Coyotes : 1 - Winnipeg Jets : 0.
15:21 of 2nd period - Kyle Turris wins face-off versus Martin Hanzal in neutral zone.
15:48 of 2nd period - Blake Wheeler is hit by Alex Goligoski and loses puck.
15:55 of 2nd period - Wrist shot by Max Domi.
15:55 of 2nd period - Stopped by Michael Hutchinson with a rebound.
15:57 of 2nd period - Wrist shot by Max Domi.
15:57 of 2nd period - Shot Blocked by Blake Wheeler.
15:59 of 2nd period - Slapshot by Johnny Boychuk.
15:59 of 2nd period - Stopped by Michael Hutchinson without a rebound.
16:00 of 2nd period - Kyle Turris wins face-off versus Brad Richardson in Winnipeg Jets zone.
16:00 of 2nd period - Kyle Turris is hit by Brad Richardson.
16:06 of 2nd period - Snap shot by Kyle Turris.
16:06 of 2nd period - Stopped by Louis Domingue without a rebound.
16:07 of 2nd period - Brad Richardson wins face-off versus Kyle Turris in Arizona Coyotes zone.
16:18 of 2nd period - Slapshot by Alex Goligoski.
16:18 of 2nd period - Shot Misses the Net.
16:20 of 2nd period - Slapshot by Jakob Chychrun.
16:20 of 2nd period - Stopped by Michael Hutchinson with a rebound.
16:37 of 2nd period - Off-side.
16:38 of 2nd period - Jack Eichel wins face-off versus Leon Draisaitl in neutral zone.
17:34 of 2nd period - Wrist shot by Blake Wheeler.
17:34 of 2nd period - Deflect By Tomas Hertl.
17:34 of 2nd period - Shot Misses the Net.
17:34 of 2nd period - Puck is out of play.
17:35 of 2nd period - Kyle Turris wins face-off versus Martin Hanzal in Arizona Coyotes zone.
17:46 of 2nd period - Wrist shot by Christian Fischer.
17:46 of 2nd period - Shot Blocked by Dennis Seidenberg.
17:48 of 2nd period - Wrist shot by Christian Fischer.
17:48 of 2nd period - Shot Blocked by Dennis Seidenberg.
17:50 of 2nd period - Snap shot by Jamie McGinn.
17:50 of 2nd period - Shot Misses the Net.
18:02 of 2nd period - Jordan Martinook is hit by Patrik Laine and loses puck.
18:23 of 2nd period - Snap shot by Nick Cousins.
18:23 of 2nd period - Shot Blocked by Jack Roslovic.
18:31 of 2nd period - Peter Holland is hit by Adam Lowry and loses puck.
19:10 of 2nd period - Josh Morrissey is hit by Luke Schenn and loses puck.
19:43 of 2nd period - Slapshot by Adam Lowry.
19:43 of 2nd period - Stopped by Louis Domingue without a rebound.
19:44 of 2nd period - Tomas Hertl wins face-off versus Kyle Turris in Arizona Coyotes zone.
Goals for this period are 1 for Arizona Coyotes vs 0 for Winnipeg Jets.
Shots for this period are 6 for Arizona Coyotes vs 10 for Winnipeg Jets.

3rd period


0:01 of 3rd period - Jack Eichel wins face-off versus Martin Hanzal in neutral zone.
0:12 of 3rd period - Snap shot by Jack Eichel.
0:12 of 3rd period - Shot Blocked by Jamie McGinn.
0:42 of 3rd period - Slapshot by Ryan Sproul.
0:42 of 3rd period - Shot Misses the Net.
0:44 of 3rd period - Wrist shot by Christian Fischer.
0:44 of 3rd period - Stopped by Michael Hutchinson with a rebound.
0:50 of 3rd period - Christian Fischer is hit by Phillip Danault and loses puck.
1:11 of 3rd period - Wrist shot by Max Domi.
1:11 of 3rd period - Stopped by Michael Hutchinson without a rebound.
1:12 of 3rd period - Leon Draisaitl wins face-off versus Jack Eichel in Winnipeg Jets zone.
1:23 of 3rd period - Wrist shot by Jack Eichel.
1:23 of 3rd period - Stopped by Louis Domingue without a rebound.
1:24 of 3rd period - Leon Draisaitl wins face-off versus Jack Eichel in Arizona Coyotes zone.
1:24 of 3rd period - Leon Draisaitl is hit by Dustin Byfuglien.
2:13 of 3rd period - Snap shot by Dylan Strome.
2:13 of 3rd period - Shot Blocked by Jacob Trouba.
2:15 of 3rd period - Slapshot by Jordan Martinook.
2:15 of 3rd period - Shot Misses the Net.
2:17 of 3rd period - Snap shot by Dylan Strome.
2:17 of 3rd period - Stopped by Michael Hutchinson with a rebound.
2:19 of 3rd period - Wrist shot by Anthony Duclair.
2:19 of 3rd period - Stopped by Michael Hutchinson with a rebound.
2:21 of 3rd period - Slapshot by Luke Schenn.
2:21 of 3rd period - Shot Misses the Net.
2:23 of 3rd period - Snap shot by Luke Schenn.
2:23 of 3rd period - Stopped by Michael Hutchinson without a rebound.
2:24 of 3rd period - Mathieu Perreault wins face-off versus Martin Hanzal in Winnipeg Jets zone.
2:26 of 3rd period - Icing by Shayne Gostisbehere.
2:27 of 3rd period - Mathieu Perreault wins face-off versus Martin Hanzal in Winnipeg Jets zone.
3:13 of 3rd period - Adam Lowry is hit by Dylan Strome.
3:16 of 3rd period - Off-side.
3:17 of 3rd period - Dylan Strome wins face-off versus Adam Lowry in neutral zone.
3:28 of 3rd period - Snap shot by Anthony Duclair.
3:28 of 3rd period - Stopped by Michael Hutchinson without a rebound.
3:29 of 3rd period - Martin Hanzal wins face-off versus Kyle Turris in Winnipeg Jets zone.
3:54 of 3rd period - Phillip Danault is hit by Jakob Chychrun and loses puck.
4:01 of 3rd period - Snap shot by Dylan Strome.
4:01 of 3rd period - Shot Misses the Net.
4:11 of 3rd period - Wrist shot by Kyle Turris.
4:11 of 3rd period - Shot Misses the Net.
4:13 of 3rd period - Snap shot by Kyle Turris.
4:13 of 3rd period - Stopped by Louis Domingue with a rebound.
4:15 of 3rd period - Slapshot by Kyle Turris.
4:15 of 3rd period - Stopped by Louis Domingue without a rebound.
4:16 of 3rd period - Leon Draisaitl wins face-off versus Mathieu Perreault in Arizona Coyotes zone.
4:21 of 3rd period - Snap shot by Patrik Laine.
4:21 of 3rd period - Stopped by Louis Domingue with a rebound.
4:27 of 3rd period - Wrist shot by Nikolaj Ehlers.
4:27 of 3rd period - Shot Blocked by Max Domi.
4:31 of 3rd period - Snap shot by Patrik Laine.
4:31 of 3rd period - Stopped by Louis Domingue without a rebound.
4:32 of 3rd period - Jack Eichel wins face-off versus Martin Hanzal in Arizona Coyotes zone.
4:44 of 3rd period - Slapshot by Jakob Chychrun.
4:44 of 3rd period - Stopped by Michael Hutchinson without a rebound.
4:45 of 3rd period - Mathieu Perreault wins face-off versus Leon Draisaitl in Winnipeg Jets zone.
4:54 of 3rd period - Slapshot by Patrik Laine.
4:54 of 3rd period - Goal by Patrik Laine - Arizona Coyotes : 1 - Winnipeg Jets : 1.
4:55 of 3rd period - Mathieu Perreault wins face-off versus Martin Hanzal in neutral zone.
5:16 of 3rd period - Minor Penalty to Martin Hanzal for Goalie Interference.
5:17 of 3rd period - Jack Eichel wins face-off versus Anthony Duclair in Arizona Coyotes zone.
5:42 of 3rd period - Johnny Boychuk is hit by Josh Morrissey and loses puck.
5:49 of 3rd period - Snap shot by Evander Kane.
5:49 of 3rd period - Shot Misses the Net.
5:51 of 3rd period - Slapshot by Nikolaj Ehlers.
5:51 of 3rd period - Stopped by Louis Domingue without a rebound.
5:52 of 3rd period - Brad Richardson wins face-off versus Jack Eichel in Arizona Coyotes zone.
6:03 of 3rd period - Slapshot by Jack Eichel.
6:03 of 3rd period - Deflect By Patrik Laine.
6:03 of 3rd period - Shot Misses the Net.
6:03 of 3rd period - Puck is out of play.
6:04 of 3rd period - Jack Eichel wins face-off versus Anthony Duclair in Arizona Coyotes zone.
6:09 of 3rd period - Wrist shot by Jack Eichel.
6:09 of 3rd period - Stopped by Louis Domingue without a rebound.
6:10 of 3rd period - Anthony Duclair wins face-off versus Jack Eichel in Arizona Coyotes zone.
7:16 of 3rd period - Penalty to Martin Hanzal is over, Martin Hanzal is back on ice.
7:46 of 3rd period - Slapshot by Josh Morrissey.
7:46 of 3rd period - Stopped by Louis Domingue with a rebound.
7:48 of 3rd period - Snap shot by Martin Frk.
7:48 of 3rd period - Stopped by Louis Domingue with a rebound.
8:49 of 3rd period - Jamie McGinn is hit by Martin Frk.
9:18 of 3rd period - Snap shot by Christian Fischer.
9:18 of 3rd period - Deflect By Martin Hanzal.
9:18 of 3rd period - Shot Misses the Net.
9:18 of 3rd period - Puck is out of play.
9:19 of 3rd period - Jack Eichel wins face-off versus Tomas Hertl in Winnipeg Jets zone.
9:24 of 3rd period - Max Domi is hit by Jacob Trouba and loses puck.
9:31 of 3rd period - Snap shot by Leon Draisaitl.
9:31 of 3rd period - Stopped by Michael Hutchinson with a rebound.
9:33 of 3rd period - Slapshot by Johnny Boychuk.
9:33 of 3rd period - Stopped by Michael Hutchinson with a rebound.
9:35 of 3rd period - Slapshot by Thomas Hickey.
9:35 of 3rd period - Deflect By Max Domi.
9:35 of 3rd period - Shot Blocked by Jacob Trouba.
9:35 of 3rd period - Puck is out of play.
9:36 of 3rd period - Dylan Strome wins face-off versus Kyle Turris in Winnipeg Jets zone.
9:37 of 3rd period - Snap shot by Anthony Duclair.
9:37 of 3rd period - Stopped by Michael Hutchinson with a rebound.
10:20 of 3rd period - Wrist shot by Jamie McGinn.
10:20 of 3rd period - Stopped by Michael Hutchinson without a rebound.
10:21 of 3rd period - Martin Hanzal wins face-off versus Jack Eichel in Winnipeg Jets zone.
11:17 of 3rd period - Backhand shot by Blake Wheeler.
11:17 of 3rd period - Stopped by Louis Domingue with a rebound.
11:51 of 3rd period - Wrist shot by Jamie McGinn.
11:51 of 3rd period - Shot Misses the Net.
11:53 of 3rd period - Wrist shot by Jamie McGinn.
11:53 of 3rd period - Shot Misses the Net.
11:59 of 3rd period - Backhand shot by Blake Wheeler.
11:59 of 3rd period - Stopped by Louis Domingue without a rebound.
12:00 of 3rd period - Nikolaj Ehlers wins face-off versus Leon Draisaitl in Arizona Coyotes zone.
12:25 of 3rd period - Kyle Turris is hit by Jordan Martinook and loses puck.
12:34 of 3rd period - Ryan Sproul is hit by Kyle Turris.
12:50 of 3rd period - Jack Roslovic is hit by Brad Richardson and loses puck.
13:19 of 3rd period - Nikolaj Ehlers is hit by Max Domi and loses puck.
13:54 of 3rd period - Dylan Strome is hit by Jack Roslovic and loses puck.
14:11 of 3rd period - Phillip Danault is hit by Max Domi and loses puck.
14:24 of 3rd period - Mathieu Perreault is hit by Brad Richardson and loses puck.
15:54 of 3rd period - Jakob Chychrun is hit by Nikolaj Ehlers and loses puck.
16:42 of 3rd period - Icing by Evander Kane.
16:43 of 3rd period - Jordan Martinook wins face-off versus Jack Eichel in Winnipeg Jets zone.
17:03 of 3rd period - Thomas Hickey is hit by Josh Morrissey.
17:31 of 3rd period - Martin Hanzal is hit by Marc Methot and loses puck.
19:18 of 3rd period - Brad Richardson is hit by Jack Eichel and loses puck.
Goals for this period are 0 for Arizona Coyotes vs 1 for Winnipeg Jets.
Shots for this period are 11 for Arizona Coyotes vs 12 for Winnipeg Jets.

Overtime #1


0:01 of 1st overtime period - Leon Draisaitl wins face-off versus Jack Eichel in neutral zone.
0:04 of 1st overtime period - Slapshot by Johnny Boychuk.
0:04 of 1st overtime period - Stopped by Michael Hutchinson without a rebound.
0:05 of 1st overtime period - Leon Draisaitl wins face-off versus Jack Eichel in Winnipeg Jets zone.
0:14 of 1st overtime period - Snap shot by Leon Draisaitl.
0:14 of 1st overtime period - Stopped by Michael Hutchinson without a rebound.
0:15 of 1st overtime period - Dylan Strome wins face-off versus Blake Wheeler in Winnipeg Jets zone.
0:16 of 1st overtime period - Snap shot by Alex Goligoski.
0:16 of 1st overtime period - Stopped by Michael Hutchinson with a rebound.
0:20 of 1st overtime period - Wrist shot by Dylan Strome.
0:20 of 1st overtime period - Shot Misses the Net.
0:22 of 1st overtime period - Wrist shot by Dylan Strome.
0:22 of 1st overtime period - Stopped by Michael Hutchinson without a rebound.
0:23 of 1st overtime period - Dylan Strome wins face-off versus Blake Wheeler in Winnipeg Jets zone.
0:26 of 1st overtime period - Wrist shot by Dylan Strome.
0:26 of 1st overtime period - Shot Misses the Net.
0:28 of 1st overtime period - Snap shot by Nick Cousins.
0:28 of 1st overtime period - Goal by Nick Cousins - Arizona Coyotes : 2 - Winnipeg Jets : 1.
Goals for this period are 1 for Arizona Coyotes vs 0 for Winnipeg Jets.
Shots for this period are 5 for Arizona Coyotes vs 0 for Winnipeg Jets.